 Dungeon Crawl Stone Soup version 0.31.0-11-ge490571c62 (webtiles) character file.

Game seed: 795982290404069020

228 Persephone the Changeling (level 5, 0/40 HPs)
             Began as a Draconian Shapeshifter on Jan 30, 2024.
             Splashed by a jelly's acid (1 damage)
             ... on level 4 of the Dungeon.
             The game lasted 00:05:33 (2960 turns).

Persephone the Changeling (Draconian Shapeshifter)  Turns: 2960, Time: 00:05:34

Health: 0/40       AC: -7    Str: 18    XL:     5   Next: 71%
Magic:  5/5        EV: 11    Int: 10    God:
Gold:   221        SH:  4    Dex: 11    Spells: 4/4 levels left

rFire   . .          .
                       - Unarmed
rCold   . . .        k - +0 buckler
rNeg    . . .        (body armour unavailable)
rPois   .            (helmet currently unavailable)
rElec   .            (cloak currently unavailable)
rCorr   .            p - melded +0 pair of gloves
SInv    .            g - melded +2 pair of boots
Will    .....        (no amulet)
Stlth   +            (no ring)
HPRegen 0.26/turn    (no ring)
MPRegen 0.09/turn

%: no passive effects
@: beast-form, corroded
A: beast (slay +2), AC +5, unfitting armour, cold-blooded
a: Begin Untransformation


You were on level 4 of the Dungeon.
You were a hulking beast.
You visited 1 branch of the dungeon, and saw 4 of its levels.

You collected 221 gold pieces.

Inventory:

Armour
 g - a +2 pair of boots (melded)
 k - a +0 buckler (worn)
 p - a +0 pair of gloves (melded)
Talismans
 b - a beast talisman (active)
 c - a flux talisman
 f - a storm talisman
Scrolls
 e - a scroll of enchant weapon
 h - 3 scrolls of immolation
 n - a scroll of noise
 o - a scroll of amnesia
Potions
 a - 2 potions of lignification
 d - a potion of curing
 l - a potion of heal wounds
 m - 2 potions of magic


   Skills:
 - Level 1.1 Fighting
 - Level 1.7 Dodging
 + Level 2.2 Shields
 + Level 4.0 Unarmed Combat
 * Level 5.0 Shapeshifting


You had 4 spell levels left.
You didn't know any spells.
Your spell library was empty.

Dungeon Overview and Level Annotations

Branches:
Dungeon (4/15)
 Temple: D:4-7

Altars:

Shops:
D:1 ?


Innate Abilities, Weirdness & Mutations

You are a hulking beast.
Your limbs bulge with bestial killing power. (Slay +2)
Your plain brown scales are hard. (AC +5)
You cannot fit into any form of body armour.
You are cold-blooded and may be slowed by cold attacks.


Message History

You hit the kobold.
You kill the kobold!
You now have 208 gold pieces (gained 11).
Things that are here:
a +0 whip; a stone
d - a potion of curing You see here a +0 kite shield.
There is a stone staircase leading down here.
A hobgoblin comes into view.
The hobgoblin shouts!
You hit the hobgoblin.
The hobgoblin is moderately wounded.
The hobgoblin barely misses you.
You punch the hobgoblin!
You kill the hobgoblin!
You see here a hobgoblin corpse.
You now have 221 gold pieces (gained 13).
A jelly comes into view.
The jelly quivers.
You see here a potion of curing.
The jelly jiggles.
The jelly barely misses you.
You hit the jelly. The acid corrodes you!
Your hands burn!
The jelly is moderately wounded.
The jelly hits you but does no damage.
You hit the jelly but do no damage. The acid corrodes you!
Your hands burn!
The jelly is moderately wounded.
The jelly hits you.
You are splashed with acid!
Lua - Auto Kill stopped.
Not in fighting shape.
You hit the jelly but do no damage.
Your hands burn!
You tail-slap the jelly.
The jelly is moderately wounded.
You punch the jelly!
Your hands burn!
* * * LOW HITPOINT WARNING * * *
The jelly is severely wounded.
The jelly hits you.
* * * LOW HITPOINT WARNING * * *
The acid corrodes you!
You are splashed with acid!
* * * LOW HITPOINT WARNING * * *
You hit the jelly but do no damage.
Your hands burn!
You die...

......................#
#.....................##
.......................
......................
...................#
........!........#
.................#
.................#
...........h.....#
............J....#
................#
..................
..................
.................
................
...............


You could see a jelly.

Vanquished Creatures
  Menkaure (D:4)
  An iguana (D:4)
  2 adders (D:2)
  2 ribbon worms (D:2)
  2 dart slugs (D:1)
  4 orcs (D:3)
  6 goblins
  10 hobgoblins
  3 jackals (D:1)
  3 kobolds
  6 ball pythons
  A bat (D:1)
  4 frilled lizards
  4 rats
49 creatures vanquished.

Notes
Turn   | Place    | Note
-------+----------+-------------------------------------------
     0 | D:1      | Persephone the Draconian Shapeshifter began the quest for
                  | the Orb.
     0 | D:1      | Reached XP level 1. HP: 16/16 MP: 1/1
   214 | D:1      | Reached XP level 2. HP: 15/23 MP: 2/2
   261 | D:1      | Found Tasai's Magic Scroll Emporium.
  1006 | D:2      | Reached XP level 3. HP: 28/28 MP: 3/3
  1312 | D:2      | Reached skill level 1 in Shields
  1312 | D:2      | Reached skill level 4 in Shapeshifting
  1579 | D:3      | Reached XP level 4. HP: 24/35 MP: 4/4
  1995 | D:3      | Found a faded altar of an unknown god.
  2629 | D:4      | Noticed Menkaure
  2655 | D:4      | Killed Menkaure
  2656 | D:4      | Reached XP level 5. HP: 40/40 MP: 5/5
  2684 | D:4      | Reached skill level 5 in Shapeshifting
  2959 | D:4      | HP: 1/40 [acid (7)]
  2960 | D:4      | Splashed by a jelly's acid

Illustrated notes

Levels and vault maps discovered:
D:1:      erik_arrival_triangle_huge, layout_basic, serial_shops, shop,
          chequers_serial_rivers_marsh
D:2:      layout_basic
D:3:      layout_basic, serial_forest, infiniplex_forest_clump_tiny,
          infiniplex_forest_lined_room_3, infiniplex_forest_corner_2,
          infiniplex_forest_end_1, infiniplex_forest_straight_2,
          ebering_ecumenical_altar_webs, guppyfry_early_orc_mine
D:4:      layout_basic, nicolae_overflow_crystal_walls, minivault_27,
          grunt_ministairs_1, wad_floor_pattern_2, minmay_crystal_water,
          kennysheep_crisscross, minmay_joined_circles, uniq_menkaure

Skill      XL: |  1  2  3  4  5 |
---------------+----------------+-----
Shields        | 1 2 |  2.2
Shapeshifting  | 4 5 |  5.0
Unarmed Combat | 4 |  4.0
Fighting       | |  1.1
Dodging        | |  1.7

Action                     |  1- 3 |  4- 6 || total
---------------------------+-------+-------++-------
  Melee: Unarmed           |   112 |    48 ||   160
         Punch             |     1 |       ||     1
         Tailslap          |    12 |     7 ||    19
Ability: Begin Untransform |     1 |     1 ||     2
    Use: Scroll            |       |     5 ||     5
         Potion            |       |     4 ||     4
   Stab: Sleeping          |     1 |       ||     1
 Armour: Skin              |    57 |    22 ||    79
  Dodge: Dodged            |    52 |    15 ||    67
  Block: Buckler           |     5 |     7 ||    12
   Form: Beast             |     1 |     1 ||     2
